 Dungeon Crawl Stone Soup version 0.27-a0-660-g90476cec82 (webtiles) character file.

Game seed: 12539485579206207123

4423 robertstho the Protected (level 10, -4/68 (91) HPs)
             Began as a Deep Dwarf Fighter on Mar 16, 2021.
             Was a Priest of Makhleb.
             Slain by an orc warlord
             ... wielding a +2 great mace of draining
              (34 damage)
             ... in a bailey.
             The game lasted 00:15:55 (5702 turns).

robertstho the Protected (Deep Dwarf Fighter)       Turns: 5702, Time: 00:15:56

HP:   -4/68 (91)    AC: 18    Str: 23    XL:     10   Next: 14%
MP:   7/7           EV:  6    Int:  9    God:    Makhleb [***...]
Gold: 57            SH: 11    Dex: 12    Spells: 9/9 levels left

rFire    . . .     SeeInvis +   e - +0 spear (venom)
rCold    + . .     Faith    .   c - +0 kite shield
rNeg     . . .     Spirit   .   d - +0 plate armour
rPois    .         Reflect  .   H - +0 helmet
rElec    .         Harm     .   k - +0 cloak
rCorr    .         Rampage  .   (no gloves)
Will     +....                  v - +0 pair of boots
Stlth    ..........             (no amulet)
HPRegen  0.00/turn              g - ring of protection from cold
MPRegen  0.10/turn              x - ring of see invisible

@: mighty, non-regenerating, very heavily drained
A: damage resistance, heal wounds, sense surroundings 2, no regeneration
a: Heal Wounds, Renounce Religion, Minor Destruction, Lesser Servant of Makhleb


You were in a bailey.
You worshipped Makhleb.
Makhleb was most pleased with you.
You visited 2 branches of the dungeon, and saw 8 of its levels.
You also visited: Sewer and Bailey.

You collected 222 gold pieces.
You spent 165 gold pieces at shops.

Inventory:

Hand Weapons
 a - a +0 war axe
 e - a +0 spear of venom (weapon)
 w - a +0 whip of flaming
Armour
 c - a +0 kite shield (worn)
 d - a +0 plate armour (worn)
 k - a +0 cloak (worn)
 v - a +0 pair of boots (worn)
 H - a +0 helmet (worn)
Jewellery
 g - a ring of protection from cold (right hand)
 x - a ring of see invisible (left hand)
 D - a ring of flight
Scrolls
 b - 4 scrolls of amnesia {unknown}
 m - a scroll of random uselessness {unknown}
 p - 2 scrolls of blinking {unknown}
 s - 4 scrolls of fog {unknown}
 u - 3 scrolls of teleportation {unknown}
 y - a scroll of vulnerability {unknown}
 A - a scroll of fear {unknown}
 B - 2 scrolls of summoning {unknown}
 C - a scroll of identify
 E - a scroll of magic mapping {unknown}
 F - a scroll of enchant weapon {unknown}
Potions
 h - a potion of curing
 i - a potion of resistance {unknown}
 j - 4 potions of heal wounds {unknown}
 n - 2 potions of flight {unknown}
 o - 2 potions of cancellation {unknown}
 q - 3 potions of brilliance
 r - a potion of ambrosia {unknown}
 t - 3 potions of magic
 z - a potion of lignification


   Skills:
 * Level 6.2 Fighting
 + Level 3.9(6.2) Axes
 + Level 6.2(6.6) Polearms
 * Level 8.9 Armour
 + Level 2.6 Dodging
 + Level 1.1 Stealth
 + Level 7.2 Shields
 * Level 6.4 Invocations


You had 9 spell levels left.
You didn't know any spells.
Your spell library contained the following spells:

 Spells                   Type           Power      Damage    Failure   Level
 Animate Skeleton         Necr           0%         N/A       100%        1
 Apportation              Tloc           0%         N/A       100%        1
 Corona                   Hex            0%         N/A       100%        1
 Summon Small Mammal      Summ           0%         N/A       100%        1
 Ensorcelled Hibernation  Hex/Ice        0%         N/A       100%        2
 Confusing Touch          Hex            0%         N/A       100%        3
 Dazzling Flash           Conj/Hex       0%         N/A       100%        3
 Tukima's Dance           Hex            0%         N/A       100%        3


Dungeon Overview and Level Annotations

Branches:
Dungeon (7/15)             Temple (1/1) D:5           Sewer (visited)
 Bailey (1/1)

Altars:
Ashenzari
Cheibriados
Dithmenos
Fedhas
Gozag
Kikubaaqudgha
Makhleb
Nemelex Xobeh
Qazlal
Ru
Sif Muna
Trog
Uskayaw
Wu Jian
Xom
Zin

Shops:
D:5 =


Innate Abilities, Weirdness & Mutations

You are resistant to damage.
You can heal yourself by infusing magical energy.
You passively map the area around you.
You do not regenerate.


Message History

The orc warrior no longer looks unusually strong.
The orc warlord hits you with a +2 great mace of draining!!
* * * LOW HITPOINT WARNING * * *
You feel drained.
* * * LOW HITPOINT WARNING * * *
You feel much better.
The orc warlord roars a battlecry!
The orc warrior goes into a battle-frenzy!
Unknown command.
You feel much better.
The orc warlord hits you with a +2 great mace of draining!!
You feel drained.
* * * LOW HITPOINT WARNING * * *
Unknown command.
Your magical essence is drained by the effort!
You feel much better.
The orc warlord no longer looks unusually strong.
You block the orc warlord's attack.
Unknown command.
You hit the orc warlord but do no damage.
The orc warlord looks as sick as possible!
The orc warlord is moderately wounded.
The orc warlord hits you with a +2 great mace of draining!
You feel drained.
You puncture the orc warlord!
The orc warlord looks as sick as possible!
The orc warlord is heavily wounded.
The orc warlord hits you with a +2 great mace of draining.
You feel drained.
You feel much better. You block the orc warlord's attack.
Unknown command.
You hit the orc warlord but do no damage.
The orc warlord is heavily wounded.
The orc warlord hits you with a +2 great mace of draining!
You feel drained.
You barely miss the orc warlord.
The orc warlord is heavily wounded.
The orc warlord hits you with a +2 great mace of draining!!!
Ouch! That really hurt!
You die...

##.......## #.........#
##.........##
#######.....⌠.....#######
##.....##........)##.....##
#.......))........).......#
##....../##.......##.......##
#.........#.......#.........#
##.........##88@88##.........##
#.....⌠.....###o###.....⌠.....#
##.........###ogo###.........##
#.........#.gogg..#.........#
##.......##.......##.......##
#.......#.........#.......#
##.....##.........##.....##
##)####...........####'##
##).)..##.........##.....##


You could see an orc warlord (extremely poisoned), 2 orc warriors, 2 gnolls, an
orc (strong) and 2 hobgoblins.

Vanquished Creatures
  2 orc knights (Bailey)
  Pikel (D:5)
  A water moccasin (D:7)
  Purgy (Sewer)
  7 orc warriors (Bailey)
  A black bear (D:6)
  A necrophage (D:6)
  4 ogres
  2 phantoms
  A centaur (D:6)
  A lemure (D:6)
  2 bullfrogs (D:7)
  A water moccasin zombie (D:5)
  A scorpion (D:6)
  An electric eel (D:7)
  A howler monkey (D:6)
  2 centaur zombies
  3 bullfrog zombies
  2 orc priests (D:6)
  A hound (D:5)
  A jelly (D:6)
  A bullfrog skeleton (D:4)
  Crazy Yiuf (D:2)
  5 iguanas
  4 orc wizards
  7 worker ants
  18 gnolls
  6 adders
  A white imp (D:5)
  3 oozes
  An adder skeleton (D:7)
  7 worms
  3 dart slugs
  5 leopard geckos
  18 orcs
  5 giant cockroaches
  27 goblins
  25 hobgoblins
  18 jackals
  10 kobolds
  4 quokkas
  6 bats
  9 frilled lizards
  A jackal zombie (D:7)
  A leopard gecko skeleton (D:2)
  7 rats
230 creatures vanquished.

Vanquished Creatures (others)
  5 plants (D:3)
5 creatures vanquished.

Grand Total: 235 creatures vanquished

Notes
Turn   | Place    | Note
-------+----------+-------------------------------------------
     0 | D:1      | robertstho the Deep Dwarf Fighter began the quest for the
                  | Orb.
     0 | D:1      | Reached XP level 1. HP: 20/20 MP: 1/1
    76 | D:1      | Reached XP level 2. HP: 21/27 MP: 2/2
   531 | D:2      | Reached XP level 3. HP: 34/34 MP: 2/2
   576 | D:2      | Found a stormy altar of Qazlal.
   866 | D:2      | Reached skill level 4 in Armour
   870 | D:2      | Reached XP level 4. HP: 30/42 MP: 3/3
  1085 | D:2      | Found a runed translucent door.
  1086 | D:2      | Noticed Crazy Yiuf
  1091 | D:2      | Paralysed by Crazy Yiuf for 2 turns
  1095 | D:2      | Killed Crazy Yiuf
  1516 | D:3      | Reached XP level 5. HP: 38/49 MP: 4/4
  1717 | D:3      | Reached skill level 5 in Armour
  2080 | D:3      | Found a sparkling altar of Nemelex Xobeh.
  2179 | D:4      | Found a glowing drain.
  2199 | Sewer    | Entered a sewer
  2240 | Sewer    | Noticed Purgy
  2252 | Sewer    | Killed Purgy
  2253 | Sewer    | Reached XP level 6. HP: 55/57 MP: 4/4
  2497 | D:4      | Reached skill level 1 in Polearms
  2504 | D:4      | Reached skill level 6 in Armour
  2504 | D:4      | Reached skill level 1 in Dodging
  2617 | D:4      | Reached XP level 7. HP: 45/63 MP: 5/5
  2864 | D:5      | Entered Level 5 of the Dungeon
  3052 | D:5      | Found Powamozi's Jewellery Shop.
  3059 | D:5      | Bought a ring of see invisible for 165 gold pieces
  3087 | D:5      | Found a staircase to the Ecumenical Temple.
  3148 | Temple   | Entered the Ecumenical Temple
  3184 | Temple   | Became a worshipper of Makhleb the Destroyer
  3625 | D:6      | Noticed Pikel
  3653 | D:5      | Killed Pikel
  3654 | D:5      | Reached skill level 7 in Armour
  3654 | D:5      | Reached skill level 5 in Shields
  3654 | D:5      | Reached XP level 8. HP: 44/73 MP: 5/7
  3845 | D:6      | Reached skill level 5 in Fighting
  3876 | D:6      | Reached * piety under Makhleb
  3883 | D:6      | Gained mutation: You passively map the area around you.
                  | [Deep Dwarf growth]
  3883 | D:6      | Reached XP level 9. HP: 44/81 MP: 6/6
  3888 | D:6      | Reached skill level 1 in Stealth
  4663 | D:7      | Reached skill level 8 in Armour
  4743 | D:7      | Reached skill level 5 in Polearms
  4802 | D:7      | Reached skill level 5 in Invocations
  5098 | D:7      | Found a flagged portal.
  5191 | Bailey   | Entered a bailey
  5255 | Bailey   | Reached ** piety under Makhleb
  5400 | Bailey   | Noticed an orc knight
  5425 | Bailey   | Killed an orc knight
  5632 | Bailey   | Noticed an orc knight
  5632 | Bailey   | Noticed an orc warlord
  5659 | Bailey   | Reached *** piety under Makhleb
  5660 | Bailey   | Reached XP level 10. HP: 83/91 MP: 8/8
  5683 | Bailey   | Killed an orc knight
  5702 | Bailey   | Slain by an orc warlord

Illustrated notes

Levels and vault maps discovered:
D:1:      eino_arrival_cavern_d, layout_rooms, chequers_serial_rivers_micro_c,
          minmay_unequal
D:2:      layout_loops_cross, grunt_qazlal_clouds, minmay_misc_feat_alley,
          uniq_crazy_yiuf_cottage
D:3:      layout_basic, serial_bayou_lagoon_a, chequers_serial_rivers_marsh,
          st_stairs_10, hangedman_decor_peaks_small, minmay_statues_item,
          roderic_serpentine_path, nemelex_diamond_rough_becter
D:4:      layout_gridville, cheibrodos_sewer_entry_bend
D:5:      layout_loops_ring, minmay_temple_entry_overgrown, serial_shops, shop
D:6:      layout_basic, kennysheep_flooded_box, minmay_pentangle, uniq_pikel
D:7:      cheibrodos_helix_gallery, layout_loops_corners, enter_bailey_2
Temple:   compressed_dpeg_triangle_lava_temple
Bailey:   bailey_axe_minmay_hex_keep, bailey

Skill      XL: |  1  2  3  4  5  6  7  8  9 |
---------------+----------------------------+-----
Fighting       | 3 4 5 6 |  6.2
Armour         | 4 5 6 7 8 |  8.9
Axes           | 3 |  3.9
Shields        | 4 5 7 |  7.2
Polearms       | 1 3 4 6 |  6.2
Dodging        | 1 2 |  2.6
Invocations    | 2 3 6 |  6.4
Stealth        | 1 |  1.1

Action                   |  1- 3 |  4- 6 |  7- 9 | 10-12 || total
-------------------------+-------+-------+-------+-------++-------
Melee: War axe           |   121 |   105 |       |       ||   226
       Spear             |       |   128 |   645 |    35 ||   808
 Abil: Heal Wounds       |     5 |     4 |    22 |     8 ||    39
  Use: Scroll            |     2 |     2 |     3 |       ||     7
       Potion            |       |       |     4 |       ||     4
 Stab: Distracted        |       |       |     1 |       ||     1
Armor: Scale mail        |    66 |     6 |       |       ||    72
       Chain mail        |       |   100 |   206 |       ||   306
       Plate armour      |       |       |    19 |     3 ||    22
Dodge: Dodged            |    40 |    51 |   129 |     1 ||   221
Block: Kite shield       |    70 |    93 |   314 |     8 ||   485

Table legend: (Time is in decaauts)
 A = Elapsed time spent in this place.
 B = Non-inter-level travel time spent in this place.
 C = Inter-level travel time spent in this place.
 D = Time resting spent in this place.
 E = Time spent auto-exploring this place.
 F = Levels seen in this place.
 G = Mean time per level.
                   A        B        C        D        E       F      G
               +--------+--------+--------+--------+--------+-----+--------+
         Total |   5910 |   5560 |    350 |      0 |   3732 |  10 |  591.0 |
       Dungeon |   5162 |   4831 |    331 |      0 |   3454 |   7 |  737.4 |
        Temple |     55 |     36 |     19 |      0 |     29 |   1 |   55.0 |
         Sewer |    208 |    208 |      0 |      0 |    136 |   1 |  208.0 |
        Bailey |    484 |    484 |      0 |      0 |    112 |   1 |  484.0 |
               +--------+--------+--------+--------+--------+-----+--------+

Top non-repeatable levels by time:
     D:6: 956 daAuts
     D:2: 929 daAuts
     D:3: 824 daAuts
     D:5: 768 daAuts
     D:7: 574 daAuts
     D:1: 565 daAuts
     D:4: 542 daAuts
  Bailey: 484 daAuts
   Sewer: 208 daAuts
  Temple: 55 daAuts
